 Seeded DCSS version 0.30-a0-918-g0ff054e9dc (webtiles) character file.

Game seed: 3125986916090331667 (custom seed)

37 bmack86 the Covered (level 3, 0/33 HPs)
             Began as a Minotaur Fighter on Mar 21, 2023.
             Killed from afar by Natasha (4 damage)
             ... with a puff of flame
             ... on level 2 of the Dungeon.
             The game lasted 00:03:03 (838 turns).

bmack86 the Covered (Minotaur Fighter)               Turns: 838, Time: 00:03:04

Health: 0/33       AC:  7    Str: 28    XL:     3   Next: 23%
Magic:  2/2        EV:  9    Int:  5    God:
Gold:   54         SH:  4    Dex:  9    Spells: 2/2 levels left

rFire   . . .      SeeInvis .    a - +0 war axe (chaos)
rCold   . . .      Faith    .    c - +0 buckler
rNeg    . . .      Spirit   .    b - +0 scale mail
rPois   .          Reflect  .    (helmet restricted)
rElec   .          Rampage  .    (no cloak)
rCorr   .                        (no gloves)
Will    .....                    (no boots) Stlth
                                 (no amulet)
HPRegen 0.25/turn                f - +6 ring of strength
MPRegen 0.08/turn                (no ring)

@: mighty, slowed, very slow
A: horns 2, retaliatory headbutt
a: no special abilities


You were on level 2 of the Dungeon.
You visited 1 branch of the dungeon, and saw 2 of its levels.

You collected 54 gold pieces.

Inventory:

Hand Weapons
 a - a +0 war axe of chaos (weapon)
Armour
 b - a +0 scale mail (worn)
 c - a +0 buckler (worn)
Jewellery
 f - a +6 ring of strength (left hand)
 i - an amulet of magic regeneration
Scrolls
 e - a scroll of acquirement {unknown}
 h - 2 scrolls of identify {unknown}
 j - a scroll of teleportation {unknown}
Potions
 g - a potion of heal wounds {unknown}
 k - a potion of lignification {unknown}
 l - a potion of resistance {unknown}


   Skills:
 + Level 4.0 Fighting
 * Level 3.3 Axes
 + Level 4.0 Armour
 + Level 4.0 Shields


You had 2 spell levels left.
You didn't know any spells.
Your spell library contained the following spells:

 Spells                   Type           Power      Damage    Failure   Level
 Sandblast                Erth           0%         2d4       83%         1
 Passwall                 Tmut/Erth      0%         N/A       92%         2
 Stone Arrow              Conj/Erth      0%         3d7       99%         3


Dungeon Overview and Level Annotations

Branches:
Dungeon (2/15)

Altars:

Annotations:
D:2 Natasha


Innate Abilities, Weirdness & Mutations

You have a pair of horns on your head.
You reflexively headbutt those who attack you in melee.


Message History

You slash the ball python!
You kill the ball python!
The frilled lizard bites you but does no damage.
You slash the frilled lizard!
You kill the frilled lizard!
Natasha, Servant of Life and Death comes into view.
She is carrying a wand of flame (10).
Natasha casts a spell.
Found an escape hatch in the floor.
The shadow imp shouts!
Natasha mumbles some strange words.
Natasha's front paws start to glow.
Natasha zaps a wand.
The puff of flame misses you.
Natasha stares at you and mumbles some strange words.
You feel yourself slow down.
You hit the shadow imp. Your headbutt misses the shadow imp.
The shadow imp is lightly wounded.
The shadow imp gestures at you. Pain shoots through your body!
The shadow imp closely misses you.
You closely miss the shadow imp. Your headbutt misses the shadow imp.
The shadow imp is lightly wounded.
The shadow imp gestures at you. Pain shoots through your body!
The shadow imp barely misses you.
You slash the shadow imp!
You kill the shadow imp!
The shadow imp disappears in a puff of smoke!
You block Natasha's attack.
Natasha stares at you and mumbles some strange words.
The magic dart hits you.
You closely miss Natasha. Natasha claws you!
* * * LOW HITPOINT WARNING * * *
Natasha claws you.
* * * LOW HITPOINT WARNING * * *
You feel very mighty all of a sudden.
Natasha mumbles some strange words.
You closely miss Natasha.
Natasha zaps a wand.
The puff of flame misses you.
Natasha zaps a wand.
You block the puff of flame.
The crimson imp blinks!
You slash Natasha! Your headbutt misses Natasha.
Natasha is severely wounded.
Natasha zaps a wand.
The puff of flame hits you.
You die...

.# .# #.# ##.## .#
#.###...## .#
#.##.>...# .#
#.##...5.# .# #.#
..... .# #.# ...
.# #.# #h# .##
#.## #@#
..#########..###.#
.................#
#.##########.#####
#.# #.# #.# #.#
#.# #.#
#.##########.#
#............#


You could see Natasha and a crimson imp (summoned).

Vanquished Creatures
  A gnoll (D:1)
  3 endoplasms (D:1)
  2 hobgoblins
  5 kobolds
  2 quokkas (D:2)
  4 ball pythons
  2 bats (D:1)
  A frilled lizard (D:2)
  5 goblins (D:1)
  2 rats (D:1)
27 creatures vanquished.

Notes
Turn   | Place    | Note
-------+----------+-------------------------------------------
     0 | D:1      | bmack86 the Minotaur Fighter began the quest for the Orb.
     0 | D:1      | Reached XP level 1. HP: 19/19 MP: 0/0
   187 | D:1      | Reached XP level 2. HP: 27/27 MP: 1/1
   529 | D:1      | Reached XP level 3. HP: 31/33 MP: 2/2
   828 | D:2      | Noticed Natasha
   838 | D:2      | Killed from afar by Natasha

Illustrated notes

Levels and vault maps discovered:
D:1:      amcnicky_arrival_single_pillar, layout_loops_cross,
          hangedman_glass_garden
D:2:      layout_loops_ring, dk_vineyard_1, uniq_natasha

Skill      XL: |  1  2  3 |
---------------+----------+-----
Axes           | 3 |  3.3
Armour         | 4 |  4.0
Fighting       | 4 |  4.0
Shields        | 4 |  4.0

Action                     || total
---------------------------++-------
  Melee: War axe           ||    61
         Headbutt          ||     4
    Use: Scroll            ||     1
         Potion            ||     1
 Armour: Scale mail        ||    28
  Dodge: Dodged            ||    34
  Block: Buckler           ||    11

Table legend: (Time is in decaauts)
 A = Elapsed time spent in this place.
 B = Non-inter-level travel time spent in this place.
 C = Inter-level travel time spent in this place.
 D = Time resting spent in this place.
 E = Time spent auto-exploring this place.
 F = Levels seen in this place.
 G = Mean time per level.
                   A        B        C        D        E       F      G
               +--------+--------+--------+--------+--------+-----+--------+
         Total |    866 |    856 |     10 |      0 |    619 |   2 |  433.0 |
       Dungeon |    866 |    856 |     10 |      0 |    619 |   2 |  433.0 |
               +--------+--------+--------+--------+--------+-----+--------+

Top non-repeatable levels by time:
     D:1: 687 daAuts
     D:2: 179 daAuts
